 Dungeon Crawl Stone Soup version 0.15.1 (webtiles) character file.

753 DrPain the Covert (level 7, -8/36 HPs)
             Began as a Spriggan Assassin on Sept 17, 2014.
             Was an Initiate of Trog.
             Mangled by a gnoll
             ... wielding a +0 spear
              (9 damage)
             ... on Level 6 of the Dungeon.
             The game lasted 00:17:40 (7477 turns).

DrPain the Covert (Spriggan Assassin)               Turns: 7477, Time: 00:17:40

HP  -8/36        AC  3     Str  7      XL: 7   Next: 49%
MP  15/15        EV 19     Int 14      God: Trog [......]
Gold 340         SH  0     Dex 20      Spells:  1 memorised,  3 levels left

rFire  . . .     SeeInvis +     f - +0 blowgun
rCold  . . .     Clarity  .     c - +0 robe
rNeg   . . .     rCorr    .     (shield restricted)
rPois  .         rRot     .     (helmet restricted)
rElec  .         Spirit   .     d - +0 cloak
SustAb .         Warding  .     (gloves unavailable)
rMut   .         Stasis   .     (boots unavailable)
Gourm  .                        (no amulet)
MR     ++...                    (no ring)
                                q - ring of protection from magic

@: very quick, very resistant to hostile enchantments, quite stealthy
A: unfitting armour, see invisible, agile 1, herbivore 3, speed 3, high mp 1,
robust 1, slow metabolism 2
a: Burn Spellbooks, Renounce Religion


You were on level 6 of the Dungeon.
You worshipped Trog.
Trog was noncommittal.
You were not hungry.

You visited 1 branch of the dungeon, and saw 6 of its levels.

You collected 340 gold pieces.

Inventory:

Hand weapons
 f - a +0 blowgun (weapon)
 w - a +1 cutlass
 W - a +0 long sword
Missiles
 b - a curare-tipped needle
 e - 56 poisoned needles (quivered)
 o - 5 tomahawks
Armour
 c - a +0 robe (worn)
 d - a +0 cloak (worn)
Magical devices
 j - a wand of slowing (24)
Comestibles
 l - a bread ration
Scrolls
 a - 4 scrolls of teleportation
 i - a scroll of immolation
 r - a scroll of identify
Jewellery
 q - a ring of protection from magic (left hand)
Potions
 g - a potion of porridge
 h - a potion of agility
 k - 2 potions of curing
 m - a potion of haste


   Skills:
 - Level 1.5 Fighting
 - Level 5.3(6.6) Short Blades
 - Level 4.5(5.2) Long Blades
 - Level 2.1 Throwing
 + Level 3.3 Dodging
 - Level 8.0 Stealth
 - Level 0.2 Spellcasting
 - Level 0.2 Hexes


You had 3 spell levels left.
You knew the following spells:

 Your Spells              Type           Power        Failure   Level  Hunger
a - Confuse               Hex            #.......     83%         3    ####...


Dungeon Overview and Level Annotations

Branches:
Dungeon (6/15)             Temple (0/1) D:5

Altars:
Cheibriados
Elyvilon
Makhleb
Trog
Yredelemnul


Innate Abilities, Weirdness & Mutations

You are tiny and cannot use many weapons and most armour.
You have supernaturally acute eyesight.
You are a herbivore.
You cover ground extremely quickly.
You need consume almost no food.
You are agile. (Dex +2)
You have an increased reservoir of magic (+10% MP).
You are robust (+10% HP).


Message History

The gnoll is heavily wounded.
The gnoll hits you with a spear!
* * * LOW HITPOINT WARNING * * *
You are too injured to fight recklessly!
You are too injured to fight recklessly!
Wield which item (- for none, * to show all)? (? for menu, Esc to quit)
f - a +0 blowgun (weapon)
The gnoll completely misses you.
The gnoll hits you from afar with a spear.
* * * LOW HITPOINT WARNING * * *
The gnoll throws a throwing net.
The throwing net hits you.
You become entangled in the net!
You see here a throwing net.
You try to slip out of the net.
You try to slip out of the net.
The gnoll hits you from afar with a spear!
* * * LOW HITPOINT WARNING * * *
You slip out of the net!
The gnoll hits you but does no damage.
The gnoll hits you from afar with a spear!
You die...

#......#
....+......#
......#......#
......#......#
......#......# .
.....#....).# #
#..###.gg..#
####+####..###.....#
...#...#........@..#
...#...'...........#
...#...#...........#
...+...#...........#
...#...#...........#
...#...#...........#
#.##.####.####+#####
#.##'# #.# #....#
...


You could see 2 gnolls.

Vanquished Creatures
  A gnoll sergeant (D:6)
  A scorpion (D:4)
  A quasit (D:4)
  A hound (D:5)
  A crimson imp (D:5)
  2 orc priests
  A worker ant (D:4)
  A centaur skeleton (D:4)
  Natasha (D:3)
  An orc wizard (D:5)
  An iguana (D:4)
  2 sky beast zombies (D:4)
  A hound zombie (D:4)
  Terence (D:3)
  2 worker ant zombies (D:5)
  7 gnolls
  3 adders
  An orc skeleton (D:4)
  4 worms
  An inept feature mimic (D:4)
  2 giant mites (D:4)
  A giant gecko (D:1)
  13 orcs
  14 bats
  A bat skeleton (D:4)
  12 goblins
  10 hobgoblins
  12 kobolds
  3 quokkas
  A ball python (D:3)
  A giant cockroach (D:4)
  A giant gecko zombie (D:4)
  4 giant newts
  4 jackals (D:1)
  11 rats
124 creatures vanquished.

Notes
Turn   | Place    | Note
--------------------------------------------------------------
     0 | D:1      | DrPain, the Spriggan Assassin, began the quest for the Orb.
     0 | D:1      | Reached XP level 1. HP: 10/10 MP: 2/2
   357 | D:1      | Reached XP level 2. HP: 14/14 MP: 4/4
  1633 | D:2      | Reached XP level 3. HP: 18/18 MP: 6/6
  2148 | D:2      | Found a snail-covered altar of Cheibriados.
  2374 | D:3      | Reached XP level 4. HP: 15/22 MP: 8/8
  2501 | D:3      | Reached skill level 5 in Short Blades
  2631 | D:3      | Learned a level 3 spell: Confuse
  2640 | D:3      | Reached skill level 6 in Stealth
  2947 | D:3      | Noticed Natasha
  2960 | D:3      | Killed Natasha
  2960 | D:3      | Reached skill level 7 in Stealth
  3073 | D:3      | Reached XP level 5. HP: 23/25 MP: 10/10
  3144 | D:3      | Noticed Terence
  3163 | D:3      | Killed Terence
  3639 | D:4      | Reached skill level 8 in Stealth
  3641 | D:4      | Noticed a moth of wrath
  3644 | D:4      | Found a bloodstained altar of Trog.
  3761 | D:4      | Reached skill level 1 in Long Blades
  3897 | D:4      | Found Qeme's Jewellery Shoppe.
  3900 | D:4      | Qeme's Jewellery Shoppe was a mimic.
  3929 | D:4      | Reached XP level 6. HP: 14/30 MP: 12/12
  4157 | D:4      | Gained mutation: You have an increased reservoir of magic (+10% MP). [potion of mutation]
  4157 | D:4      | Gained mutation: You are robust (+10% HP). [potion of mutation]
  4157 | D:4      | Gained mutation: You are agile. (Dex +2) [potion of mutation]
  4518 | D:4      | Found a white marble altar of Elyvilon.
  5540 | D:5      | Entered Level 5 of the Dungeon
  5544 | D:5      | Found a basalt altar of Yredelemnul.
  5620 | D:4      | Became a worshipper of Trog the Wrathful
  5929 | D:5      | Found a staircase to the Ecumenical Temple.
  6066 | D:5      | Reached XP level 7. HP: 8/36 MP: 15/15
  6677 | D:5      | Found a burning altar of Makhleb.
  7476 | D:6      | HP: 1/36 [gnoll/spear (7)]
  7477 | D:6      | Mangled by a gnoll

Action                   |  1- 3 |  4- 6 |  7- 9 || total
-------------------------+-------+-------+-------++-------
Melee: Dagger            |    79 |       |       ||    79
       Cutlass           |    41 |    99 |    30 ||   170
       Long sword        |       |   146 |    15 ||   161
 Fire: Blowgun           |     4 |    23 |    21 ||    48
Invok: Burn Spellbooks   |       |     2 |       ||     2
  Use: Scroll            |     2 |     9 |     1 ||    12
       Potion            |     3 |     3 |     1 ||     7
 Stab: Sleeping          |     7 |    22 |     7 ||    36
       Distracted        |       |     1 |     1 ||     2
  Eat: Bread ration      |       |     1 |       ||     1
